Unix NetHack Version 5.0.0-0 post-release - last build Jun 10 2026 00:39:30 (3ee93aec679c4c4259841fe613dc97188e26a321,branch:main).

Game began 2026-07-02 21:51:23, ended 2026-07-03 03:50:21.

Enkindle23, lawful male human Monk

                       --       -------*-
                     ---. --   --.......
                     |......   |......---
                     |........ --.....|.--
                      -..........@s......|
                      |....... ---.......|
                      |.....  ---...."---------------  |
                      |..................................-
                      --- -------...------- ----        --
                                |(..----                |       | |
                                |......--          .....---     ..| --
                               --.......--   ............)...........|
                          ---- |...................................-
                          |..---.......................*....-- | ---
                          |.....---..................*...----
                          ---..-- ----.....|........------
                            |<.|      --..--- -- ----
                            ----        ---
Enkindle23 the Initiate         St:18/01 Dx:14 Co:8 In:10 Wi:16 Ch:9  Lawful
Dlvl:7  $:3  HP:0(36) Pw:28(29) AC:4  Xp:6 T:994 

Latest messages:
 You hear crashing rock.
 The gnome swings her thonged club.
 The gnome misses!
 You kill the gnome!
 d - a pancake.
 You kill the gnome!
 You see here a looking glass.
 i - a looking glass.
 You see here a lock pick.
 l - a lock pick.
 You swap places with the peaceful dwarf.
 You feel your magical energy drain away!
 Your legs feel better.
 What do you want to use or apply? [ijlpwyBMN or ?*] ?
 Your lamp is now on.
 You see here a black gem.
 You learn more about your items by comparing them.
 F - an uncursed black gem (2 in total).
 You see here a green gem.
 n - a green gem.
 The gnome swings her thonged club.
 The gnome hits!
 You see here 10 rocks.
 You kill the gnome!
 C - 2 slime molds.
 You kill the gnome!
 You descend the stairs.
 You kill the gnome!
 You see here a yellow gem.
 The gnome hits!
 You kill the gnome!
 You learn more about your items by comparing them.
 r - an uncursed yellow gem (2 in total).
 You see here an ice box.
 You see here a magic marker.
 D - a magic marker.
 The giant spider spins a web.
 The giant spider bites!
 You hit the giant spider!
 The giant spider bites!
 The giant spider bites!
 You hit the giant spider!
 The giant spider bites!
 The giant spider bites!
 You die...
 Do you want your possessions identified? [ynq] (y) y
 Do you want to see your attributes? [ynq] (y) y
 Do you want an account of creatures vanquished? [ynaq] (y) y
 Do you want to see your conduct and achievements? [ynq] (y) y
 Do you want to see the dungeon overview? [ynq] (y) y

Inventory:
 Coins    ('$')
  $ - 3 gold pieces
 Weapons  (')')
  H - 13 blessed +1 darts
  q - 16 +0 darts
  u - 3 +0 daggers
 Armor    ('[')
  s - an uncursed +0 helmet
  a - an uncursed +2 pair of leather gloves (being worn)
  b - an uncursed +1 robe (being worn)
 Comestibles  ('%')
  C - 2 uncursed slime molds
  f - 6 uncursed apples
  e - 2 uncursed food rations
  k - a cursed food ration
  h - 3 uncursed fortune cookies
  z - a cursed lembas wafer
  g - 5 uncursed oranges
  d - an uncursed pancake
  t - a cursed pancake
  A - 2 cursed rotten tins of newt meat
  c - an uncursed lichen corpse
 Tools    ('(')
  N - an empty uncursed sack
  y - an uncursed wooden flute
  w - an uncursed leash
  l - an uncursed lock pick
  D - a magic marker (0:72)
  B - an uncursed magic whistle
  i - an uncursed mirror
  M - an uncursed oil lamp (lit)
  j - a cursed skeleton key
  p - 3 uncursed tallow candles
 Gems/Stones  ('*')
  n - an uncursed fluorite stone
  o - 2 uncursed jasper stones
  E - 2 uncursed sapphires
  F - 2 uncursed worthless pieces of black glass
  v - 2 uncursed worthless pieces of blue glass
  x - an uncursed worthless piece of green glass
  J - an uncursed worthless piece of orange glass
  m - an uncursed worthless piece of red glass
  G - an uncursed worthless piece of white glass
  r - 2 uncursed worthless pieces of yellow glass

Enkindle23 the Monk's attributes:

Background:
 You were an Initiate, a level 6 male human Monk.
 You were lawful, on a mission for Shan Lai Ching
 who was opposed by Chih Sung-tzu (neutral) and Huan Ti (chaotic).
 You were right-handed.
 You were in the Gnomish Mines, on level 7.
 You entered the dungeon 994 turns ago.
 It was nighttime.
 You had 473 experience points, 167 more were needed to attain level 7.

Basics:
 You had 0 out of 36 hit points.
 You had 28 out of 29 energy points (spell power).
 Your armor class was 4.
 Your wallet contained 3 zorkmids.
 Autopickup was off.

Final Characteristics:
 Your strength was 18/01 (limit:18/100).
 Your dexterity was 14 (limit:18).
 Your constitution was 8 (limit:18).
 Your intelligence was 10 (limit:18).
 Your wisdom was 16 (limit:18).
 Your charisma was 9 (limit:18).

Final Status:
 You weren't hungry.
 You were unencumbered.
 You were empty handed.
 You had basic skill with martial arts.

Final Attributes:
 You were devoutly aligned.
 You were sleep resistant.
 You were poison resistant.
 You saw invisible.
 You were stealthy.
 You were guarded.
 Your spell casting was enhanced by wearing a robe.
 You were fast.
 You are dead.

Miscellaneous:
 You didn't encounter any bones levels.
 Total elapsed playing time was 37 minutes and 31 seconds.

Major events:
 Turn
    1: Enkindle23 the lawful male human Monk entered the dungeon
  167: entered the Gnomish Mines
  226: attained the rank of Novice (level 3)
  503: reached Mine Town
  594: attained the rank of Initiate (level 6)
  994: killed by a giant spider

Spells:
 Name                 Level Category     Fail Retention
 healing                1   healing        0%  91%-100%

Skills:
 Fighting Skills
   martial arts       [Basic]
 Weapon Skills
   quarterstaff       [Unskilled]
   spear              [Unskilled]
   crossbow           [Unskilled]
   shuriken           [Unskilled]
 Spellcasting Skills
   attack spells      [Unskilled]
   healing spells     [Basic]
   divination spells  [Unskilled]
   enchantment spells [Unskilled]
   clerical spells    [Unskilled]
   escape spells      [Unskilled]
   matter spells      [Unskilled]

Voluntary challenges:
 Character rerolling was not enabled.
 You followed a strict vegan diet.
 You never hit with a wielded weapon.
 You were illiterate.
 You never genocided any monsters.
 You never polymorphed an object.
 You never changed form.
 You used no wishes.
Achievements:
 You entered the Gnomish Mines.
 You attained the rank of Novice.
 You entered Minetown.
 You entered a shop.
 You entered a temple.
 You attained the rank of Initiate.

 The Dungeons of Doom: levels 1 to 2
    Level 1:
       A fountain.
    Level 2:
       A fountain.
       Stairs down to The Gnomish Mines.
 The Gnomish Mines: levels 3 to 7
    Level 3:
    Level 4:
    Level 5:
       Many shops, a temple and an altar, some fountains.
    Level 6:
    Level 7: <- You were here.
       Final resting place for
          you, killed by a giant spider.


Vanquished creatures:
  3 small mimics
  a gnome mummy
  a yellow light
  5 gnome leaders
  2 gnomish wizards
  a gray ooze
  a wererat
  2 iguanas
  a brown mold
 24 gnomes
  a goblin
  2 sewer rats
  3 grid bugs
  2 lichens
  2 newts
51 creatures vanquished.

No species were genocided or became extinct.

Game over:
                       ----------
                      /          \
                     /    REST    \
                    /      IN      \
                   /     PEACE      \
                  /                  \
                  |    Enkindle23    |
                  |       3 Au       |
                  |   killed by a    |
                  |   giant spider   |
                  |                  |
                  |                  |
                  |       2026       |
                 *|     *  *  *      | *
        _________)/\\_//(\/(/\)/\//\/|_)_______

Goodbye Enkindle23 the Monk...

You died in The Gnomish Mines on dungeon level 7 with 2195 points,
and 3 pieces of gold, after 994 moves.
You were level 6 with a maximum of 36 hit points when you died.

